 Dungeon Crawl Stone Soup version 0.31-a0-232-gb1c03b2570 (webtiles) character file.

Game seed: 3076181935042140292

37 qw the Shooter (level 3, -6/21 HPs)
             Began as a Gargoyle Hexslinger on July 7, 2023.
             Mangled by a worm (8 damage)
             ... on level 2 of the Dungeon.
             The game lasted 00:00:20 (996 turns).

qw the Shooter (Gargoyle Hexslinger)                 Turns: 996, Time: 00:00:21

Health: -6/21      AC:  6    Str: 11    XL:     3   Next: 39%
Magic:  4/4        EV: 11    Int: 13    God:
Gold:   94         SH:  0    Dex: 14    Spells: 3/4 levels left

rFire   . . .        Y - +1 sling
rCold   . . .        (no shield)
rNeg    + . .        d - +0 leather armour
rPois   inf          (no helmet)
rElec   +            (no cloak)
rCorr   .            (no gloves)
SInv    .            (no boots)
Will    .....        (no amulet)
Stlth   +            (no ring)
HPRegen 0.23/turn    (no ring)
MPRegen 0.09/turn

%: no passive effects
@: no status effects
A: sickness immunity, AC +3, negative energy resistance 1, electricity
resistance, torment resistance 1, petrification resistance
a: no special abilities


You were on level 2 of the Dungeon.
You visited 1 branch of the dungeon, and saw 2 of its levels.

You collected 94 gold pieces.


Innate Abilities, Weirdness & Mutations

You are immune to sickness and miasma.
Your stone body is resilient. (AC +3)
You are immune to poison.
You resist negative energy. (rN+)
You are resistant to electric shocks. (rElec)
You are resistant to unholy torment.
You are immune to petrification.


   Skills:
 - Level 2.0 Fighting
 + Level 3.3 Ranged Weapons
 - Level 1.5 Dodging
 - Level 1.0 Spellcasting
 - Level 2.6 Hexes


You had 3 spell levels left.
You knew the following spells:

 Your Spells              Type           Power      Damage    Failure   Level
a - Slow                  Hex            28%        N/A       12%         1

Your spell library contained the following spells:

 Spells                   Type           Power      Damage    Failure   Level
 Inner Flame              Hex/Fire       4%         N/A       54%         3
 Portal Projectile        Hex/Tloc       8%         N/A       54%         3
 Cause Fear               Hex            3%         N/A       77%         4

Inventory:

Hand Weapons
 Y - a +1 sling (weapon)
Armour
 a - a +0 ring mail
 d - a +0 leather armour (worn)
Scrolls
 b - a scroll of identify {unknown}

Dungeon Overview and Level Annotations

Branches:
Dungeon (2/15)

Altars:

Shops:
D:1 [(*


Message History

The worm bites you! The adder zombie completely misses you.
You shoot a sling bullet.
The sling bullet barely misses the adder zombie.
The adder zombie barely misses you.
You shoot a sling bullet. The sling bullet hits the adder zombie.
You destroy the adder zombie!
The worm bites you!
You shoot a sling bullet. The sling bullet hits the worm.
The worm is moderately wounded.
The worm bites you but does no damage.
You shoot a sling bullet.
The sling bullet hits the worm but does no damage.
The worm is lightly wounded.
The worm barely misses you.
You shoot a sling bullet.
The sling bullet hits the worm but does no damage.
The worm is lightly wounded.
The worm bites you.
You shoot a sling bullet.
The sling bullet hits the worm but does no damage.
The worm is lightly wounded.
You shoot a sling bullet. The sling bullet hits the worm!
The worm is heavily wounded.
The worm bites you but does no damage.
You shoot a sling bullet. The sling bullet hits the worm.
The worm is severely wounded.
The worm closely misses you.
You shoot a sling bullet. The sling bullet hits the worm.
The worm is almost dead.
The worm bites you.
You shoot a sling bullet. The sling bullet hits the worm.
The worm is almost dead.
The worm barely misses you.
You shoot a sling bullet.
The sling bullet hits the worm but does no damage.
The worm is almost dead.
You shoot a sling bullet. The sling bullet hits the worm.
The worm is almost dead.
The worm bites you!
You die...

#.+....######
#.#....##....
#####...#####....
#.....#+#####....
##............####
#.......[.....#
#.............#
#....<.)......#
#@w..........##
...................#
###...#.###........#
.¤.¤..#.. +........#
.¤¤¤. ### #........#


¤¤¤¤¤ #........# ..¤¤ #........# .... You could see a worm.

Vanquished Creatures
  An adder skeleton (D:2)
  An adder zombie (D:2)
  2 bats
  3 bat skeletons (D:2)
  An endoplasm (D:1)
  2 giant cockroaches
  3 goblins
  A hobgoblin (D:2)
  2 kobolds (D:1)
  2 quokkas
  5 ball pythons
  4 frilled lizards (D:1)
  A rat (D:2)
28 creatures vanquished.

Notes
Turn   | Place    | Note
-------+----------+-------------------------------------------
     0 | D:1      | qw the Gargoyle Hexslinger began the quest for the Orb.
     0 | D:1      | Reached XP level 1. HP: 12/12 MP: 2/2
     0 | D:1      | 0 ||| qw: Version: 0.3-a-46-gb1f654a
     0 | D:1      | 0 ||| qw: Game counter: 2304
     0 | D:1      | 0 ||| qw: Melee chars always use a shield: true
     0 | D:1      | 0 ||| qw: God list: Okawaru
     0 | D:1      | 0 ||| qw: Allow faded altars: false
     0 | D:1      | 0 ||| qw: Do Orc after clearing Dungeon:15 true
     0 | D:1      | 0 ||| qw: Do second Lair branch before Depths: true
     0 | D:1      | 0 ||| qw: Lair rune preference: random
     0 | D:1      | 0 ||| qw: Goals: Normal
     0 | D:1      | 0 ||| PLANNING D:1-11
    22 | D:1      | Found Ypnea's Assorted Antiques.
    26 | D:1      | Found Atuf's Weapon Shop.
    31 | D:1      | 31 ||| SHOPLISTING amethyst potion (19 gold, have 0).
    31 | D:1      | 31 ||| SHOPLISTING dented ruby amulet (110 gold, have 0).
    31 | D:1      | 31 ||| SHOPLISTING inky potion (19 gold, have 0).
    31 | D:1      | 31 ||| SHOPLISTING pair of boots (99 gold, have 0).
    31 | D:1      | 31 ||| SHOPLISTING scroll labelled GITYNU ROMAL (22 gold,
                  | have 0).
    31 | D:1      | 31 ||| SHOPLISTING scroll labelled NOINICH UNUL (22 gold,
                  | have 0).
    35 | D:1      | 35 ||| SHOPLISTING +11 shortbow of Saogess {heavy, rElec
                  | rN+} (864 gold, have 0).
   217 | D:1      | Reached XP level 2. HP: 16/16 MP: 3/3
   412 | D:1      | Found Sunan's Antique Armour Shoppe.
   421 | D:1      | 421 ||| SHOPLISTING cloak (85 gold, have 36).
   421 | D:1      | 421 ||| SHOPLISTING runed ring mail (133 gold, have 36).
   477 | D:1      | Reached skill level 3 in Ranged Weapons
   732 | D:1      | 732 ||| UPGRADING to +0 leather armour.
   742 | D:1      | 742 ||| DROPPING +0 robe.
   743 | D:1      | 743 ||| READING scroll labelled HIJASSUYRE.
   744 | D:1      | 744 ||| DRINKING 2 glowing dark potions.
   745 | D:1      | 745 ||| DROPPING scroll of poison.
   746 | D:1      | 746 ||| DROPPING potion of invisibility.
   863 | D:2      | Reached XP level 3. HP: 21/21 MP: 4/4
   986 | D:2      | HP: 4/21 [worm (9)]
   993 | D:2      | HP: 1/21 [worm (2)]
   996 | D:2      | Mangled by a worm

Levels and vault maps discovered:
D:1:      tarquinn_simple_flora_water_d, layout_basic, serial_shops, shop, shop,
          shop, minmay_pentomino_s2
D:2:      layout_basic, serial_undead, serial_undead_d, serial_undead_a,
          serial_undead_e, serial_undead_c, kennysheep_path_1

Skill      XL: |  1  2 |
---------------+-------+-----
Ranged Weapons | 3 |  3.3
Fighting       | 2 |  2.0
Dodging        | |  1.5
Spellcasting   | |  1.0
Hexes          | |  2.6

Action                     || total
---------------------------++-------
   Fire: Sling             ||    88
    Use: Scroll            ||     1
         Potion            ||     1
 Armour: Leather armour    ||    14
  Dodge: Dodged            ||    40

Table legend:
 A = Non-vault XP
 B = Vault XP
 C = Vault XP percentage of total XP
 D = Non-vault monster count
 E = Vault monster count
 F = Vault count percentage of total count
                 A         B        C        D         E       F
            +---------+---------+-------+---------+---------+-------
      Total |      35 |      18 |  34.0 |      21 |       7 |  25.0
            +---------+---------+-------+---------+---------+-------
        D:1 |      23 |       2 |   8.0 |      14 |       2 |  12.5
        D:2 |      12 |      16 |  57.1 |       7 |       5 |  41.7
            +---------+---------+-------+---------+---------+-------
